 Dungeon Crawl Stone Soup version 0.31.0-11-ge490571c62 (webtiles) character file.

Game seed: 16685549617483749584

163 Gadfly the Insei (level 5, -2/41 HPs)
             Began as a Demonspawn Monk on Feb 5, 2024.
             Slain by an ice beast (5 damage)
             ... on level 3 of the Dungeon.
             The game lasted 00:03:49 (1976 turns).

Gadfly the Insei (Demonspawn Monk)                  Turns: 1976, Time: 00:03:49

Health: -2/41      AC:  6    Str: 13    XL:     5   Next: 20%
Magic:  5/5        EV: 13    Int: 11    God:
Gold:   109        SH:  0    Dex: 15    Spells: 4/4 levels left

rFire   . . .        b - +1 dagger (venom)
rCold   . . .        c - orb {light}
rNeg    . . .        a - +0 robe
rPois   +            (no helmet)
rElec   .            (no cloak)
rCorr   .            (no gloves)
SInv    .            (no boots)
Will    .....        (no amulet)
Stlth   +            j - +4 ring of protection
HPRegen 0.26/turn    l - ring of poison resistance
MPRegen 0.09/turn

%: no passive effects
@: glowing
A: ignite blood 1, weakness stinger 1
a: no special abilities


You were on level 3 of the Dungeon.
You visited 1 branch of the dungeon, and saw 3 of its levels.

You collected 109 gold pieces.

Inventory:

Hand Weapons
 b - a +1 dagger of venom (weapon)
 m - a +3 hand axe
Armour
 a - a +0 robe (worn)
 c - an orb of light (worn)
Jewellery
 e - a ring of resist corrosion
 j - a +4 ring of protection (left hand)
 l - a ring of poison resistance (right hand)
Scrolls
 d - a scroll of teleportation
 k - a scroll of identify
Potions
 g - a potion of curing


   Skills:
 - Level 3.0 Fighting
 + Level 3.2 Dodging
 * Level 3.6 Unarmed Combat
 * Level 2.3 Evocations
 * Level 2.0 Shapeshifting


You had 4 spell levels left.
You didn't know any spells.
Your spell library contained the following spells:

 Spells                   Type           Power      Damage    Failure   Level
 Necrotise                Necr           0%         1d4       34%         1
 Vampiric Draining        Necr           0%         2d6       71%         3
 Martyr's Knell           Necr/Summ      0%         N/A       98%         4
 Curse of Agony           Necr           0%         N/A       100%        5


Dungeon Overview and Level Annotations

Branches:
Dungeon (3/15)

Altars:
Fedhas
Hepliaklqana


Innate Abilities, Weirdness & Mutations

Your demonic aura sometimes causes spilled blood to erupt in flames.
You have a small tail.


Message History

You feel invigorated. The ice beast closely misses you.
You bump into the rock wall.
The ice beast misses you.
You nearly stumble into some lava!
The ice beast closely misses you.
You closely miss the ice beast.
The ice beast is moderately wounded.
The ice beast hits you but does no damage.
You hit the ice beast.
The ice beast is moderately wounded.
The ice beast barely misses you.
You hit the ice beast but do no damage. You tail-slap the ice beast.
The ice beast is moderately wounded.
The ice beast hits you. The ice beast freezes you!
You nearly stumble into some lava!
The ice beast hits you but does no damage.
You hit the ice beast but do no damage.
The ice beast is moderately wounded.
The ice beast completely misses you.
You bump into the rock wall.
The ice beast hits you. The ice beast freezes you!
You nearly stumble into some lava!
You feel less invigorated.
You feel less confused.
The ice beast hits you but does no damage.
You completely miss the ice beast.
The ice beast is moderately wounded.
The ice beast hits you but does no damage.
You hit the ice beast but do no damage.
The ice beast is poisoned.
You tail-slap the ice beast, but do no damage.
The ice beast is moderately wounded.
The ice beast hits you. The ice beast freezes you!
You hit the ice beast but do no damage.
Your tail-slap misses the ice beast.
The ice beast is moderately wounded.
The ice beast hits you.
* * * LOW HITPOINT WARNING * * *
The ice beast freezes you.
* * * LOW HITPOINT WARNING * * *
You hit the ice beast but do no damage.
Your tail-slap misses the ice beast.
The ice beast is moderately wounded.
The ice beast hits you.
* * * LOW HITPOINT WARNING * * *
The ice beast freezes you.
You die...

.... ###............#
... ................#
....
...≈≈≈..........#
#..#
..≈≈≈≈§.........#
..### .
..≈≈§≈§.........#
....#..
.§§≈§≈≈.........#####
......#
..§≈§≈§......<.))...#
.....>.
..≈≈.≈≈.†.).....)...#
.......
..≈...≈@########)...#
.......
..§.8.≈Y##..........#
.......
#$.........#####....#
.)..... .........#
#....# .......
........## #....#
....... ........#
###### .P.....
.......$# _......
###...... .P(....


You could see an ice beast (very poisoned).

Vanquished Creatures
  A centaur (D:3)
  2 adders (D:2)
  3 dart slugs (D:1)
  5 orcs (D:3)
  3 endoplasms
  3 giant cockroaches
  7 goblins
  7 hobgoblins
  A quokka (D:1)
  A ball python (D:1)
  6 bats
  3 frilled lizards
  5 kobolds
  4 rats
51 creatures vanquished.

Notes
Turn   | Place    | Note
-------+----------+-------------------------------------------
     0 | D:1      | Gadfly the Demonspawn Monk began the quest for the Orb.
     0 | D:1      | Reached XP level 1. HP: 18/18 MP: 1/1
    48 | D:1      | Found a faded altar of an unknown god.
   190 | D:1      | Gained mutation: Your demonic aura sometimes causes spilled
                  | blood to erupt in flames. [demonic ancestry]
   190 | D:1      | Reached XP level 2. HP: 23/24 MP: 2/2
   537 | D:1      | Reached skill level 1 in Evocations
   565 | D:1      | Reached skill level 1 in Shapeshifting
   652 | D:1      | Gained mutation: You have a small tail. [demonic ancestry]
   652 | D:1      | Reached XP level 3. HP: 29/29 MP: 3/3
  1155 | D:2      | Identified the +10 long sword "Xucad" {heavy, rC- Str+2
                  | Int+8 Dex-2}
  1621 | D:3      | Noticed a centaur
  1634 | D:3      | Killed a centaur
  1635 | D:3      | Reached XP level 4. HP: 8/35 MP: 4/4
  1635 | D:3      | Reached XP level 5. HP: 9/41 MP: 5/5
  1818 | D:3      | Found a blossoming altar of Fedhas.
  1818 | D:3      | Noticed an ice beast
  1942 | D:3      | Found a hazy altar of Hepliaklqana.
  1976 | D:3      | Slain by an ice beast

Illustrated notes

Levels and vault maps discovered:
D:1:      shiori_arrival_elements, layout_loops_corners,
          dreamdust_ecumenical_altar_grove, minmay_split_cup_small
D:2:      layout_loops_ring
D:3:      layout_rooms, mainiacjoe_overflow_catwalk, fedhas_altar_1

Skill      XL: |  1  2  3  4  5 |
---------------+----------------+-----
Unarmed Combat | 3 |  3.6
Evocations     | 1 2 |  2.3
Shapeshifting  | 1 2 |  2.0
Dodging        | 3 |  3.2
Fighting       | |  3.0

Action                     |  1- 3 |  4- 6 || total
---------------------------+-------+-------++-------
  Melee: Unarmed           |    48 |       ||    48
         Dagger            |    62 |    43 ||   105
         Tailslap          |    11 |    10 ||    21
    Use: Scroll            |     3 |       ||     3
         Potion            |       |     1 ||     1
 Armour: Robe              |    66 |    31 ||    97
  Dodge: Dodged            |    70 |    39 ||   109
